 Dungeon Crawl Stone Soup version 0.31-a0-925-g0a390f2509 (webtiles) character file.

Game seed: 10289150054969411775

93 omnomnOMINOUS the Chiller (level 4, 0/29 HPs)
             Began as an Octopode Wanderer on Oct 18, 2023.
             Was an Initiate of Yredelemnul.
             Slain by an orc priest
             ... wielding a +0 dagger
              (5 damage)
             ... on level 3 of the Dungeon.
             The game lasted 00:07:07 (1894 turns).

omnomnOMINOUS the Chiller (Octopode Wanderer)       Turns: 1894, Time: 00:07:07

Health: 0/29       AC:  1    Str:  8    XL:     4   Next: 62%
Magic:  6/6        EV: 13    Int: 18    God:    Yredelemnul [......]
Gold:   50         SH:  0    Dex: 12    Spells: 1/6 levels left

rFire   . . .        a - +0 dagger
rCold   . . .        j - orb {*channel}
rNeg    . . .        (helmet restricted)
rPois   .            (no amulet)
rElec   .            (no ring)
rCorr   .            (no ring)
SInv    .            (no ring)
Will    .....        (no ring)
Stlth   ++           (no ring)
HPRegen 0.24/turn    (no ring)
MPRegen 0.10/turn    (no ring)
                     (no ring)

%: channel magic (20%)
@: no status effects
A: almost no armour, amphibious, 8 rings, camouflage 1, gelatinous body 1,
(nimble swimmer 1), tentacles
a: Renounce Religion, Recall Undead Harvest


You were on level 3 of the Dungeon.
You worshipped Yredelemnul.
Yredelemnul was noncommittal.
You visited 1 branch of the dungeon, and saw 3 of its levels.

You collected 50 gold pieces.

Inventory:

Hand Weapons
 a - a +0 dagger (weapon)
Missiles
 h - 6 poisoned darts
Armour
 c - a +0 buckler
 j - an orb of energy (worn)
Magical Staves
 k - a staff of earth
Talismans
 o - a beast talisman
Wands
 p - a wand of light (14)
Scrolls
 b - a scroll of silence {unknown}
 e - 2 scrolls of fog {unknown}
 f - a scroll of torment {unknown}
 i - a scroll of enchant armour {unknown}
 m - a scroll of immolation {unknown}
 q - a scroll of enchant weapon {unknown}
 r - a scroll of teleportation {unknown}
Potions
 d - 2 potions of lignification {unknown}
 g - a potion of ambrosia {unknown}
 l - a potion of mutation {unknown}
 n - a potion of heal wounds {unknown}


   Skills:
 + Level 1.9 Fighting
 - Level 1.0 Throwing
 + Level 1.3 Dodging
 - Level 1.6 Shields
 + Level 1.9 Spellcasting
 + Level 2.2 Conjurations
 + Level 4.3 Ice Magic
 + Level 0.8 Air Magic


You had one spell level left.
You knew the following spells:

 Your Spells              Type           Power      Damage    Failure   Level
a - Mephitic Cloud        Conj/Pois/Air  5%         N/A       56%         3
b - Blink                 Tloc           2%         N/A       50%         2

Your spell library contained the following spells:

 Spells                   Type           Power      Damage    Failure   Level
 Freeze                   Ice            68%        1d8       11%         1
 Foxfire                  Conj/Fire      20%        2x1d5     28%         1
 Hailstorm                Conj/Ice       13%        3d5       32%         3
 Momentum Strike          Conj/Tloc      10%        3d8       36%         2
 Lesser Beckoning         Tloc           2%         N/A       50%         2
 Summon Ice Beast         Ice/Summ       9%         N/A       78%         4


Dungeon Overview and Level Annotations

Branches:
Dungeon (3/15)

Altars:
Yredelemnul

Annotations:
D:3 Terence


Innate Abilities, Weirdness & Mutations

You cannot wear most types of armour.
You are amphibious.
You can wear up to eight rings at the same time.
Your skin changes colour to match your surroundings (Stealth+).
Your rubbery body absorbs attacks. (AC +1, EV +1)
((You are camouflaged when in or above water. (Stealth+)))
You have tentacles for arms and can constrict up to eight enemies at once.


Message History

Found a helmet.
An orc comes into view. It is wielding a +0 trident.
The orc shouts!
You hear a shout!
Unknown command.
An orc comes into view. It is wielding a +0 dagger.
An orc priest comes into view. It is wielding a +0 dagger.
The orc hits you but does no damage.
You hit the orc. You grab the orc.
The orc is lightly wounded.
You constrict the orc. The orc hits you with a +0 trident!
You hit the orc but do no damage.
The orc is heavily wounded.
You constrict the orc.
The orc priest invokes the aid of Beogh against you.
Beogh smites you!
* * * LOW HITPOINT WARNING * * *
The orc closely misses you.
You hit the orc.
The orc is almost dead.
You constrict the orc.
You kill the orc!
Unknown command.
You hit the orc but do no damage. You grab the orc. You constrict the orc.
The orc misses you.
You hit the orc but do no damage.
The orc is moderately wounded.
You constrict the orc. The orc hits you with a +0 dagger.
* * * LOW HITPOINT WARNING * * *
You hit the orc but do no damage.
The orc is heavily wounded.
You constrict the orc. The orc hits you with a +0 dagger.
* * * LOW HITPOINT WARNING * * *
You hit the orc.
You kill the orc!
The dead are walking!
You hit the orc priest but do no damage.
You grab the orc priest. You constrict the orc priest.
The orc priest hits you with a +0 dagger.
You die...
Your body rises from the dead as a mindless zombie.

..# # #......... #.#
#..####### #.# #..#
#.# ########..# #.#
[.........# #.#
########..# #..
..........# ##
#########.#######.##
#.ZZ@o.Z....
.......##########
######.# #.# #.. ###


You could see an orc priest (ally target), a friendly bat zombie, a friendly rat
zombie and a friendly orc zombie.

Vanquished Creatures
  2 adders (D:2)
  A worm (D:3)
  3 dart slugs
  2 orcs (D:3)
  6 ball pythons
  6 bats
  4 endoplasms (D:1)
  3 giant cockroaches (D:2)
  7 hobgoblins
  5 jackals
  6 kobolds
  2 quokkas (D:1)
  A frilled lizard (D:2)
  6 goblins
  6 rats
60 creatures vanquished.

Vanquished Creatures (collateral kills)
  A bat (D:2)
  A frilled lizard (D:2)
2 creatures vanquished.

Grand Total: 62 creatures vanquished

Notes
Turn   | Place    | Note
-------+----------+-------------------------------------------
     0 | D:1      | omnomnOMINOUS the Octopode Wanderer began the quest for the
                  | Orb.
     0 | D:1      | omnomnOMINOUS set off with the following items: a +0
                  | dagger, a potion of curing, a +0 buckler; and the following
                  | spells available to memorise: Freeze, Foxfire, Hailstorm,
                  | Mephitic Cloud, Summon Ice Beast.
     0 | D:1      | Reached XP level 1. HP: 13/13 MP: 2/2
    88 | D:1      | Reached XP level 2. HP: 17/18 MP: 3/3
   514 | D:1      | Reached XP level 3. HP: 23/23 MP: 5/5
   518 | D:1      | Learned a level 3 spell: Mephitic Cloud
   631 | D:1      | Reached skill level 1 in Dodging
  1340 | D:2      | Reached XP level 4. HP: 22/29 MP: 6/6
  1374 | D:2      | Found a faded altar of an unknown god.
  1379 | D:2      | Prayed at the altar of an unknown god.
  1379 | D:2      | Became a worshipper of Yredelemnul the Dark
  1379 | D:2      | Reached * piety under Yredelemnul
  1414 | D:2      | Learned a level 2 spell: Blink
  1597 | D:2      | Reached ** piety under Yredelemnul
  1853 | D:3      | Noticed Terence
  1894 | D:3      | Slain by an orc priest

Illustrated notes

Levels and vault maps discovered:
D:1:      scummos_arrival_gate, layout_loops_corners, serial_park_tiny_pond
D:2:      layout_basic, ebering_ecumenical_altar_hall
D:3:      kennysheep_the_goblin_king, layout_loops_ring, minmay_misc_feat_rows,
          uniq_terence

Skill      XL: |  1  2  3 |
---------------+----------+-----
Dodging        | 1 |  1.3
Fighting       | |  1.9
Throwing       | |  1.0
Shields        | |  1.6
Spellcasting   | |  1.9
Conjurations   | |  2.2
Ice Magic      | |  4.3
Air Magic      | |  0.8

Action                     |  1- 3 |  4- 6 || total
---------------------------+-------+-------++-------
  Melee: Dagger            |   119 |    52 ||   171
         Constrict         |    27 |    15 ||    42
         Tentacles         |    25 |    12 ||    37
    Use: Potion            |     1 |       ||     1
   Stab: Sleeping          |     4 |     2 ||     6
 Armour: Skin              |    55 |    23 ||    78
  Dodge: Dodged            |    84 |    31 ||   115
  Block: Buckler           |    18 |       ||    18

Table legend: (Time is in decaauts)
 A = Elapsed time spent in this place.
 B = Non-inter-level travel time spent in this place.
 C = Inter-level travel time spent in this place.
 D = Time resting spent in this place.
 E = Time spent auto-exploring this place.
 F = Levels seen in this place.
 G = Mean time per level.
                   A        B        C        D        E       F      G
               +--------+--------+--------+--------+--------+-----+--------+
         Total |   1899 |   1854 |     45 |      0 |   1409 |   3 |  633.0 |
       Dungeon |   1899 |   1854 |     45 |      0 |   1409 |   3 |  633.0 |
               +--------+--------+--------+--------+--------+-----+--------+

Top non-repeatable levels by time:
     D:1: 1147 daAuts
     D:2: 660 daAuts
     D:3: 91 daAuts
